 Dungeon Sprint DCSS version 0.20.1-1-g8b1a95d (webtiles) character file.

566 lol the Summoner (level 7, 0/58 HPs)
             Began as a Hill Orc Summoner on Oct 13, 2017.
             Was a Follower of Fedhas.
             Slain by a water elemental (11 damage)
             ... in the Dungeon (Sprint V: "Ziggurat Sprint").
             The game lasted 00:04:40 (217 turns).

lol the Summoner (Hill Orc Summoner)                 Turns: 217, Time: 00:04:41

Health: 0/58       AC: 26    Str: 18    XL:     7   Next: 32%
Magic:  9/12       EV:  6    Int: 22    God:    Fedhas [*.....]
Gold:   0          SH:  0    Dex: 11    Spells: 10/13 levels left

rFire    . . .     SeeInvis +   m - +14 obsidian axe {chop, +Fly SInv *Curse} (curse)
rCold    . . .     Gourm    .   (no shield)
rNeg     . . .     Faith    .   I - +15 Maxwell's patent armour {-Cast -Tele rElec MR+ rCorr}
rPois    .         Spirit   .   (no helmet)
rElec    +         Reflect  .   (no cloak)
rCorr    +         Harm     .   (no gloves)
MR       +....     NoTele   +   (no boots) Stlth ..........NoCast +
                                (no amulet)
Regen    0.2/turn               H - +6 ring of strength
MPRegen  0.2/turn               F - +6 ring of intelligence

@: lethally poisoned (0 -> -31), engulfed (cannot breathe), mesmerised
A: no striking features
a: Fungal Bloom, Evolution, Renounce Religion, Evoke Flight


You were in the Dungeon.
You worshipped Fedhas.
Fedhas was aware of your devotion.
You were not hungry.

You visited 1 branch

Inventory:

Hand Weapons
 m - the cursed +14 obsidian axe (weapon) {chop, +Fly SInv *Curse}
   (You found it in the Dungeon)

   It inflicts extra damage upon your enemies.
   It lets you see invisible.
   It lets you fly.
   It curses itself when equipped.
   It has a curse placed upon it.
Armour
 a - a +0 robe
 I - the +15 Maxwell's patent armour (worn) {-Cast -Tele rElec MR+ rCorr}
   (You found it in the Dungeon)

   It insulates you from electricity.
   It affects your resistance to hostile enchantments.
   It prevents spellcasting.
   It prevents most forms of teleportation.
   It protects you from acid and corrosion.
Jewellery
 C - a +6 ring of dexterity
 D - a +6 ring of dexterity
 E - a +6 ring of intelligence
 F - a +6 ring of intelligence (right hand)
 G - a +6 ring of strength
 H - a +6 ring of strength (left hand)
Wands
 y - a wand of disintegration (7/24)
 z - a wand of iceblast (5/15)
 A - a wand of lightning (5/15)
 B - a wand of acid (5/15)
Scrolls
 i - 4 scrolls of blinking
 p - 4 scrolls of amnesia
 q - 3 scrolls of recharging
 r - 6 scrolls of fog
 s - a scroll of holy word
 t - 5 scrolls of identify
 u - 5 scrolls of remove curse
 v - 2 scrolls of fear
Potions
 d - 8 potions of curing (quivered)
 e - 8 potions of heal wounds
 f - 6 potions of haste
 g - 7 potions of magic
 h - 3 potions of berserk rage
 j - 2 potions of brilliance
 k - 2 potions of invisibility
 l - 4 potions of resistance
 n - 5 potions of agility
 o - 5 potions of might
Books
 b - a book of Callings

   Spells                             Type                      Level
   a - Summon Small Mammal            Summoning                    1
   b - Call Imp                       Summoning                    2
   c - Call Canine Familiar           Summoning                    3
   d - Summon Guardian Golem          Hexes/Summoning              3
   e - Summon Lightning Spire         Summoning/Air                4
   f - Summon Ice Beast               Ice/Summoning                4
Comestibles
 c - 5 bread rations
 w - 42 fruits
 x - 4 meat rations


   Skills:
 + Level 3.9 Fighting
 + Level 5.4 Axes
 + Level 1.9 Throwing
 + Level 3.5 Armour
 + Level 4.0 Dodging
 + Level 4.0 Stealth
 + Level 2.4 Unarmed Combat
 + Level 3.9 Spellcasting
 + Level 11.6 Summonings
 + Level 2.1 Evocations


You had 10 spell levels left.
You knew the following spells:

 Your Spells              Type           Power        Failure   Level  Hunger
a - Summon Small Mammal   Summ           ####         3%          1    None
b - Call Imp              Summ           ######..     6%          2    #......


Dungeon Overview and Level Annotations

Branches:
Dungeon (1/1)

Altars:
Ashenzari
Cheibriados
Dithmenos
Elyvilon
Fedhas
Gozag
Hepliaklqana
Kikubaaqudgha
Makhleb
Nemelex Xobeh
Okawaru
Qazlal
Ru
Sif Muna
Trog
Uskayaw
Vehumet
Xom
Yredelemnul
Zin
The Shining One
Beogh
Jiyva
Lugonu

Annotations:
D 1 transporter


Message History

Your Stealth skill increases to level 4!
Your Summonings skill gained 2 levels and is now at level 11!
You have reached level 6!
Your experience leads to an increase in your attributes!
Your base attributes are Str 11, Int 16, Dex 11.
Increase (S)trength, (I)ntelligence, or (D)exterity?
You feel stronger.
You have reached level 7!
You hit the war axe of venom but do no damage.
You hit the water elemental.
Visions of slaying the water elemental flood into your mind.
* * * LOW HITPOINT WARNING * * *
Your lungs strain for air!
* * * LOW HITPOINT WARNING * * *
You feel very sick.
The war axe of venom hits you but does no damage.
You are more poisoned.
The water elemental hits you!
You die...
Fedhas appreciates your contribution to the ecosystem.

▓▓▓▓▓▓▓▓▓▓▓▓▓▓▓▓▓▓▓
▓.8©8.▓.8©8.▓.8©8.▓
▓.}}[.▓.)[).▓.....▓
▓..e..▓.....▓.....▓
▓.....▓.PP..▓.....▓
▓§§§§§▓PP÷..▓..||.▓
▓eE(§§▓PP...▓.....▓
▓.@§§.▓.....▓▓▓▓▓▓▓
▓▓▓▓▓▓▓▓▓▓▓▓▓


You could see a deep elf archer, a water elemental and a war axe of venom.

Vanquished Creatures
  A deep elf mage (D)
  A naga (D)
  2 orc priests (D)
  2 ball pythons (D)
6 creatures vanquished.

Vanquished Creatures (others)
  2 toadstools (D)
2 creatures vanquished.

Grand Total: 8 creatures vanquished

Notes
Turn   | Place    | Note
-------+----------+-------------------------------------------
     0 | D        | lol the Hill Orc Summoner began the quest for the Orb.
     0 | D        | Reached XP level 1. HP: 14/14 MP: 3/3
     0 | D        | Found a deep blue altar of Sif Muna.
     0 | D        | Found a bloodstained altar of Trog.
     0 | D        | Found a sacrificial altar of Ru.
     0 | D        | Found a stormy altar of Qazlal.
     0 | D        | Found an iron altar of Okawaru.
     1 | D        | Found a sparkling altar of Nemelex Xobeh.
     1 | D        | Found a blossoming altar of Fedhas.
     3 | D        | Found a transporter.
     3 | D        | Found an ancient bone altar of Kikubaaqudgha.
     3 | D        | Found a viscous altar of Jiyva.
     3 | D        | Found a corrupted altar of Lugonu.
     3 | D        | Found a hazy altar of Hepliaklqana.
     3 | D        | Found a burning altar of Makhleb.
     3 | D        | Found an opulent altar of Gozag.
    25 | D        | Reached skill level 1 in Throwing
    25 | D        | Reached XP level 2. HP: 25/25 MP: 5/5
   144 | D        | Became a worshipper of Fedhas Madash
   159 | D        | Entered arena 2.
   159 | D        | Found a transporter.
   162 | D        | Reached skill level 5 in Summonings
   162 | D        | Reached XP level 3. HP: 30/30 MP: 6/6
   163 | D        | Reached skill level 6 in Summonings
   163 | D        | Reached XP level 4. HP: 37/37 MP: 6/8
   174 | D        | Learned a level 2 spell: Call Imp
   175 | D        | Entered arena 3.
   175 | D        | Noticed a naga
   175 | D        | Found a transporter.
   179 | D        | Reached skill level 7 in Summonings
   196 | D        | Killed a naga
   196 | D        | Reached skill level 9 in Summonings
   196 | D        | Reached XP level 5. HP: 33/44 MP: 9/9
   202 | D        | Reached * piety under Fedhas
   212 | D        | Entered arena 4.
   212 | D        | Noticed a water elemental
   212 | D        | Noticed a deep elf mage
   212 | D        | Noticed a deep elf archer
   212 | D        | Noticed a war axe of venom
   212 | D        | Found a transporter.
   217 | D        | Killed a deep elf mage
   217 | D        | Reached skill level 5 in Axes
   217 | D        | Reached skill level 11 in Summonings
   217 | D        | Reached XP level 6. HP: 20/52 MP: 9/11
   217 | D        | Reached XP level 7. HP: 22/58 MP: 9/12
   217 | D        | Slain by a water elemental

Skill      XL: |  1  2  3  4  5 |
---------------+----------------+-----
Fighting       | 2 3 |  3.9
Throwing       | 1 |  1.9
Armour         | 2 3 |  3.5
Dodging        | 2 3 4 |  4.0
Stealth        | 2 3 4 |  4.0
Unarmed Combat | 2 |  2.4
Spellcasting   | 2 3 |  3.9
Evocations     | 2 |  2.1
Summonings     | 5 6 9 11 | 11.6
Axes           | 2 5 |  5.4

Action                   |  1- 3 |  4- 6 |  7- 9 || total
-------------------------+-------+-------+-------++-------
Melee: Broad axe         |     2 |    18 |       ||    20
Invok: Fungal Bloom      |       |     1 |       ||     1
  Use: Potion            |     1 |     4 |       ||     5
       Scroll            |       |     1 |       ||     1
Armor: Plate armour      |     1 |    20 |     1 ||    22
Dodge: Dodged            |       |     6 |       ||     6
